 Dungeon Crawl Stone Soup version 0.30.1 (webtiles) character file.

Game seed: 1573635240654338209

900 Pooter the Chopper (level 7, -4/61 HPs)
             Began as a Minotaur Berserker on July 2, 2023.
             Was a Priest of Trog.
             Slain by Pikel
             ... wielding a +1 whip of flaming
              (13 damage)
             ... on level 8 of the Dungeon.
             The game lasted 00:26:34 (5196 turns).

Pooter the Chopper (Minotaur Berserker)             Turns: 5196, Time: 00:26:35

Health: -4/61      AC: 13    Str: 23    XL:     7   Next: 79%
Magic:  6/6        EV:  7    Int:  4    God:    Trog [***...]
Gold:   126        SH:  0    Dex: 10    Spells: 6/6 levels left

rFire   + . .        a - +1 war axe
rCold   . . .        (no shield)
rNeg    . . .        s - +2 plate armour
rPois   .            (helmet restricted)
rElec   .            g - scarf {harm}
rCorr   .            (no gloves)
SInv    .            (no boots)
Will    .....        (no amulet) Stlth
                     F - ring of protection from fire
HPRegen 0.30/turn    (no ring)
MPRegen 0.10/turn

%: harm (+30% outgoing, +20% incoming)
@: no status effects
A: horns 2, retaliatory headbutt
a: Renounce Religion, Berserk, Trog's Hand


You were on level 8 of the Dungeon.
You worshipped Trog.
Trog was most pleased with you.
You visited 1 branch of the dungeon, and saw 6 of its levels.

You collected 231 gold pieces.
You spent 105 gold pieces at shops.


Innate Abilities, Weirdness & Mutations

You have a pair of horns on your head.
You reflexively headbutt those who attack you in melee.


   Skills:
 + Level 5.6 Fighting
 * Level 7.2 Axes
 + Level 3.4 Ranged Weapons
 - Level 2.4 Armour
 - Level 2.1 Dodging
 * Level 4.5 Stealth


You had 6 spell levels left.
You didn't know any spells.
Your spell library contained the following spells:

 Spells                   Type           Power      Damage    Failure   Level
 Beastly Appendage        Tmut           0%         N/A       100%        1
 Wereblood                Tmut           0%         N/A       100%        2
 Spider Form              Tmut/Pois      0%         N/A       100%        3

Inventory:

Hand Weapons
 a - a +1 war axe (weapon)
   (You bought it in a shop on level 5 of the Dungeon)
 b - a +0 sling
   (You found it on level 1 of the Dungeon)
 k - the +10 dagger of Upheaval {venom, rC+ Will+}
   (You found it on level 3 of the Dungeon)

   rC:        It protects you from cold.
   Will:      It increases your willpower.
 z - a +0 morningstar
   (You took it off an orc on level 4 of the Dungeon)
 A - the +3 hand axe of Oghelito {freeze, rC+ Dex+3}
   (You found it on level 4 of the Dungeon)

   Dex:       It affects your dexterity (+3).
   rC:        It protects you from cold.
 C - a +0 trident
   (You took it off a gnoll sergeant on level 5 of the Dungeon)
 D - a +2 flail of draining
   (You took it off a gnoll on level 4 of the Dungeon)
Missiles
 e - 60 stones
 f - 6 curare-tipped darts {=f}
 n - 14 poisoned darts (quivered)
Armour
 g - a scarf of harm (worn)
   (You found it on level 1 of the Dungeon)
 s - a +2 plate armour (worn)
   (You found it on level 3 of the Dungeon)
Jewellery
 F - a ring of protection from fire (left hand)
   (You found it on level 2 of the Dungeon)
Wands
 p - a wand of mindburst (4)
   (You found it on level 3 of the Dungeon)
 B - a wand of paralysis (11)
   (You found it on level 5 of the Dungeon)
Scrolls
 j - a scroll of blinking {!r}
 l - 3 scrolls of noise {!r}
 u - 2 scrolls of silence {!r}
 v - a scroll of fear
Potions
 d - a potion of might
 i - 2 potions of ambrosia {unknown}
 m - a potion of curing {unknown}
 q - a potion of lignification {unknown}
 r - a potion of mutation {unknown}
 t - a potion of attraction {unknown}
 w - 3 potions of heal wounds {unknown}

Dungeon Overview and Level Annotations

Branches:
Dungeon (5/15) Zot: 26860
 Temple: D:4-7

Altars:
Fedhas

Shops:
D:5 (

Annotations:
D:3 2 runed translucent doors, Crazy Yiuf
D:8 Pikel

#.# #.# .#######.#
.........#
..######.# #.# #.##
#..###########
#####....@5c.....
#........./.K....##
..#####.########.#
#.# ..# ##.# #.#
#.#


You could see Pikel (strong), a lemure and a centaur.


Message History

A lemure comes into view.
The lemure shouts!
You hear a shout!
A lemure comes into view.
The lemure shouts!
The lemure moves out of view.
Pikel, Merchant of Souls comes into view.
He is wielding a +1 whip of flaming and wearing a +1 robe of fire resistance.
A lemure comes into view.
The lemure shouts!
A lemure comes into view.
The lemure barely misses you. You furiously retaliate!
You headbutt the lemure. The lemure completely misses you.
You see here a wand of polymorph (9).
Do you really want to go berserk while wielding your +0 sling? [Y]es or [N]o only, please.
Do you really want to go berserk while wielding your +0 sling?
Okay, then.
Unknown command.
Unknown command.
a - a +1 war axe (weapon)
The lemure hits you but does no damage.
Pikel drinks a potion.
Pikel seems to grow stronger.
A centaur comes into view.
Pikel hits you but does no damage. The lemure barely misses you.
The lemure hits you. 😕 HP[-7]
You take 7 damage, and now have 54/61 hp.
The centaur shouts!
You hit Pikel. You closely miss the lemure. You hit the lemure.
You slash the lemure! The lemure barely misses you.
Pikel hits you but does no damage. The lemure hits you.
The lemure barely misses you. 😕 HP[-1]
You take 1 damage, and now have 53/61 hp.
You barely miss Pikel. You barely miss the lemure. You closely miss the lemure.
You barely miss the lemure. The lemure hits you but does no damage.
The lemure barely misses you.
Pikel hits you with a +1 whip of flaming.
Pikel burns you. The lemure misses you. 😮 HP[-8]
You take 8 damage, and now have 45/61 hp.
You closely miss Pikel. You closely miss the lemure. You slash the lemure! x2
The lemure barely misses you. The lemure hits you. x2
Pikel hits you but does no damage. 😮 HP[-10]
You take 10 damage, and now have 35/61 hp.
You closely miss Pikel. You hit the lemure.
You hit the lemure but do no damage. x2
The lemure hits you but does no damage. The lemure closely misses you.
You furiously retaliate!
You headbutt the lemure.
Pikel hits you with a +1 whip of flaming.
The lemure closely misses you. You furiously retaliate!
You headbutt the lemure!
You kill the lemure!
That felt strangely unrewarding. 😮 HP[-1]
You take 1 damage, and now have 34/61 hp.
You hit Pikel. You miss the lemure. You slash the lemure!
The lemure hits you but does no damage. The lemure barely misses you.
Pikel hits you with a +1 whip of flaming.
* * * LOW HITPOINT WARNING * * *
Pikel burns you.
* * * LOW HITPOINT WARNING * * *
😨 HP[-8]
You take 8 damage, and now have 26/61 hp.
Unknown command.
You slash Pikel! You hit the lemure. You closely miss the lemure.
The lemure closely misses you. You furiously retaliate!
You headbutt the lemure!
You kill the lemure!
That felt strangely unrewarding.
Pikel waves his whip at you.
Pikel hits you with a +1 whip of flaming!
* * * LOW HITPOINT WARNING * * *
Pikel burns you.
* * * LOW HITPOINT WARNING * * *
The lemure hits you.
* * * LOW HITPOINT WARNING * * *
😱 HP[-16]
You take 16 damage, and now have 10/61 hp.
MASSIVE DAMAGE!! (PAUSE)
You slash Pikel! You headbutt Pikel, but do no damage.
You barely miss the lemure. You hit the lemure.
The lemure completely misses you. You furiously retaliate!
You headbutt the lemure, but do no damage.
Pikel completely misses you.
The lemure hits you but does no damage. 😱 HP[+1]
You barely miss Pikel. Your headbutt misses Pikel. You hit the lemure.
You slash the lemure!
You kill the lemure!
That felt strangely unrewarding.
The lemure hits you.
* * * LOW HITPOINT WARNING * * *
Pikel barely misses you. 😱 HP[-3]
You take 3 damage, and now have 8/61 hp.
Unknown command.
You barely miss Pikel. You slash the lemure!
The lemure hits you but does no damage.
Pikel hits you with a +1 whip of flaming!
You die...

Skill      XL: |  1  2  3  4  5  6  7 |
---------------+----------------------+-----
Axes           | 4 5 6 7 |  7.2
Stealth        | 1 2 3 4 |  4.5
Fighting       | 4 5 |  5.6
Ranged Weapons | 1 2 3 |  3.4
Armour         | |  2.4
Dodging        | |  2.1

Action                     |  1- 3 |  4- 6 |  7- 9 || total
---------------------------+-------+-------+-------++-------
  Melee: Hand axe          |    97 |    25 |       ||   122
         Headbutt          |     7 |     7 |     9 ||    23
         Punch             |     1 |     1 |     1 ||     3
         Dagger            |       |    38 |       ||    38
         Flail             |       |     8 |    40 ||    48
         War axe           |       |       |    30 ||    30
   Fire: Sling             |    23 |    24 |     3 ||    50
  Throw: Dart              |       |     3 |       ||     3
         Stone             |       |     1 |       ||     1
 Invoke: Berserk           |     1 |     2 |     1 ||     4
         Trog's Hand       |       |     4 |     1 ||     5
  Evoke: Wand              |       |     1 |     3 ||     4
    Use: Scroll            |     1 |     7 |     5 ||    13
   Stab: Sleeping          |     3 |       |       ||     3
         Paralysed         |       |       |     2 ||     2
 Armour: Animal skin       |    13 |       |       ||    13
         Leather armour    |    20 |     3 |       ||    23
         Chain mail        |       |     2 |       ||     2
         Plate armour      |       |    15 |    61 ||    76
  Dodge: Dodged            |    70 |    30 |    46 ||   146

Levels and vault maps discovered:
D:1:      lemuel_arrival_funnel, layout_loops_ring,
          ebering_ecumenical_altar_rust, corexii_hall_statues_l
D:2:      layout_basic, minmay_pentomino_o2
D:3:      layout_loops_ring, ebering_ghost_sewer_f, minivault_14,
          minmay_liquid_box, chequers_garden, uniq_natasha, uniq_terence,
          uniq_crazy_yiuf_cottage
D:4:      layout_gridville, lemuel_round_altar, uniq_duvessa, uniq_eustachio
D:5:      layout_loops_cross, serial_shops, nicolae_lakefront_shop
D:8:      layout_loops_ring, uniq_erica, uniq_pikel

Notes
Turn   | Place    | Note
-------+----------+-------------------------------------------
     0 | D:1      | Pooter the Minotaur Berserker began the quest for the Orb.
     0 | D:1      | Reached XP level 1. HP: 19/19 MP: 0/0
     0 | D:1      | magus.rc [v1.11.6]
   198 | D:1      | Reached XP level 2. HP: 26/27 MP: 1/1
   206 | D:1      | Reached skill level 4 in Axes
   224 | D:1      | Reached skill level 1 in Stealth
   256 | D:1      | Found a faded altar of an unknown god.
   419 | D:1      | You add the spells Beastly Appendage, Wereblood and Spider
                  | Form to your library.
   558 | D:1      | Reached skill level 4 in Fighting
   815 | D:1      | Reached XP level 3. HP: 32/33 MP: 2/2
   889 | D:1      | Reached ** piety under Trog
  1368 | D:2      | Reached XP level 4. HP: 40/40 MP: 3/3
  1475 | D:2      | Reached skill level 1 in Ranged Weapons
  2012 | D:3      | Reached skill level 2 in Stealth
  2183 | D:3      | Found a runed translucent door.
  2187 | D:3      | Noticed Arkanazzt's ghost (amateur HOFi)
  2234 | D:3      | Identified the +10 dagger of Upheaval {venom, rC+ Will+}
  2272 | D:3      | Found a runed translucent door.
  2281 | D:3      | Reached skill level 5 in Axes
  2297 | D:3      | Killed Arkanazzt's ghost
  2298 | D:3      | Reached XP level 5. HP: 47/47 MP: 4/4
  2624 | D:3      | Noticed Natasha
  2630 | D:3      | Killed Natasha
  2753 | D:3      | Noticed Terence
  2760 | D:3      | Killed Terence
  2761 | D:3      | Reached skill level 2 in Ranged Weapons
  2761 | D:3      | Reached XP level 6. HP: 49/53 MP: 5/5
  2979 | D:3      | Noticed Natasha
  2984 | D:3      | Killed Natasha
  2985 | D:3      | Reached skill level 3 in Stealth
  3145 | D:3      | Found a runed translucent door.
  3146 | D:3      | Noticed Crazy Yiuf
  3969 | D:4      | Noticed Eustachio
  3983 | D:4      | Killed Eustachio
  3984 | D:4      | Reached skill level 5 in Fighting
  3984 | D:4      | Reached skill level 6 in Axes
  4085 | D:4      | Found a blossoming altar of Fedhas.
  4160 | D:4      | Noticed Duvessa
  4164 | D:4      | Noticed Dowan
  4168 | D:4      | Killed Duvessa
  4169 | D:4      | Reached XP level 7. HP: 61/61 MP: 6/6
  4174 | D:4      | Killed Dowan
  4284 | D:4      | Reached skill level 4 in Stealth
  4326 | D:4      | Reached skill level 3 in Ranged Weapons
  4428 | D:4      | Reached *** piety under Trog
  4470 | D:4      | Identified the +3 hand axe of Oghelito {freeze, rC+ Dex+3}
  4796 | D:5      | Entered Level 5 of the Dungeon
  4841 | D:5      | Reached skill level 7 in Axes
  5018 | D:5      | Found Cuthaufu's Antique Weapon Emporium.
  5027 | D:5      | Bought a war axe for 105 gold pieces
  5062 | D:5      | You fall into a shaft and drop 3 floors!
  5183 | D:8      | Noticed Pikel
  5193 | D:8      | HP: 13/61 [Pikel/+1 whip of flaming (13)]
  5196 | D:8      | Slain by Pikel

Vanquished Creatures
  Eustachio (D:4)
  Duvessa (D:4)
  The ghost of Arkanazzt the Trooper, an amateur HOFi (D:3)
  3 lemures (D:8)
  A kobold brigand (D:8)
  A gnoll sergeant (D:5)
  Dowan (D:4)
  A jelly (D:4)
  Terence (D:3)
  Natasha (twice) (D:3)
  8 gnolls
  8 adders
  An ufetubus (D:4)
  2 worms
  5 orcs
  13 ball pythons
  4 endoplasms
  3 giant cockroaches
  13 goblins
  16 hobgoblins
  9 jackals
  3 quokkas
  9 bats
  2 frilled lizards (D:2)
  12 kobolds
  4 rats
125 creatures vanquished.

Table legend:
 A = Non-vault XP
 B = Vault XP
 C = Vault XP percentage of total XP
 D = Non-vault monster count
 E = Vault monster count
 F = Vault count percentage of total count
                 A         B        C        D         E       F
            +---------+---------+-------+---------+---------+-------
      Total |     629 |     658 |  51.1 |     111 |      11 |   9.0
            +---------+---------+-------+---------+---------+-------
        D:1 |      63 |       0 |   0.0 |      36 |       0 |   0.0
        D:2 |      55 |       3 |   5.2 |      20 |       2 |   9.1
        D:3 |      68 |     230 |  77.2 |      13 |       6 |  31.6
        D:4 |     168 |     425 |  71.7 |      29 |       3 |   9.4
        D:5 |     164 |       0 |   0.0 |       7 |       0 |   0.0
        D:8 |     111 |       0 |   0.0 |       6 |       0 |   0.0
            +---------+---------+-------+---------+---------+-------

Skill      XL: |  1  2  3  4  5  6  7 |
---------------+----------------------+-----
Axes           | 4 5 6 7 |  7.2
Stealth        | 1 2 3 4 |  4.5
Fighting       | 4 5 |  5.6
Ranged Weapons | 1 2 3 |  3.4
Armour         | |  2.4
Dodging        | |  2.1

Action                     |  1- 3 |  4- 6 |  7- 9 || total
---------------------------+-------+-------+-------++-------
  Melee: Hand axe          |    97 |    25 |       ||   122
         Headbutt          |     7 |     7 |     9 ||    23
         Punch             |     1 |     1 |     1 ||     3
         Dagger            |       |    38 |       ||    38
         Flail             |       |     8 |    40 ||    48
         War axe           |       |       |    30 ||    30
   Fire: Sling             |    23 |    24 |     3 ||    50
  Throw: Dart              |       |     3 |       ||     3
         Stone             |       |     1 |       ||     1
 Invoke: Berserk           |     1 |     2 |     1 ||     4
         Trog's Hand       |       |     4 |     1 ||     5
  Evoke: Wand              |       |     1 |     3 ||     4
    Use: Scroll            |     1 |     7 |     5 ||    13
   Stab: Sleeping          |     3 |       |       ||     3
         Paralysed         |       |       |     2 ||     2
 Armour: Animal skin       |    13 |       |       ||    13
         Leather armour    |    20 |     3 |       ||    23
         Chain mail        |       |     2 |       ||     2
         Plate armour      |       |    15 |    61 ||    76
  Dodge: Dodged            |    70 |    30 |    46 ||   146

Illustrated notes

Table legend:
 A = Kills in this place as a percentage of kills in the entire game.
 B = Kills by you in this place as a percentage of kills by you in the entire game.
 C = Kills by friends in this place as a percentage of kills by friends in the entire game.
 D = Other kills in this place as a percentage of other kills in the entire game.
 E = Experience gained in this place as a percentage of experience gained in the entire game.
 F = Experience gained in this place divided by the number of levels of this place that you have seen.
                   A       B       C       D       E      F
               +-------+-------+-------+-------+-------+----------------------
         Total | 100.0 | 100.0 |   N/A |   N/A | 100.0 | 214.5
       Dungeon | 100.0 | 100.0 |   N/A |   N/A | 100.0 | 214.5
               +-------+-------+-------+-------+-------+----------------------

Table legend: (Time is in decaauts)
 A = Elapsed time spent in this place.
 B = Non-inter-level travel time spent in this place.
 C = Inter-level travel time spent in this place.
 D = Time resting spent in this place.
 E = Time spent auto-exploring this place.
 F = Levels seen in this place.
 G = Mean time per level.
                   A        B        C        D        E       F      G
               +--------+--------+--------+--------+--------+-----+--------+
         Total |   5266 |   5040 |    226 |   1241 |   2979 |   6 |  877.7 |
       Dungeon |   5266 |   5040 |    226 |   1241 |   2979 |   6 |  877.7 |
               +--------+--------+--------+--------+--------+-----+--------+

Top non-repeatable levels by time:
     D:3: 1974 daAuts
     D:2: 1054 daAuts
     D:1: 971 daAuts
     D:4: 853 daAuts
     D:5: 274 daAuts
     D:8: 138 daAuts
